Map: Odyssey LE

Players

SpeCiaL

  • Race: Terran Terran
  • Spawn Location: 11:00

Neeb - Winner!

  • Race: Protoss Protoss
  • Spawn Location: 5:00

Event: WCS Valencia 2017

VOD

Have the link to the VOD?

Description

Time

  • Played on: July 15, 2017, 9:18 a.m.
  • Length: 14:14

All games in this series

Show
View Real Time Build Order
Export as new Build Order

SpeCiaL Terran 

Build Orders: Reaper Expand 

Get SALT Encoding   

  12  0:00  SCV  
  13  0:12  SCV  
  14  0:16  Supply Depot  
  14  0:24  SCV  
  15  0:29  Refinery  
  15  0:38  SCV  
  16  0:44  Barracks  
  16  0:50  SCV  
  17  1:02  SCV  
  18  1:14  SCV  
  19  1:31  Orbital Command, Reaper  
  20  1:47  Command Center  
  20  1:56  Factory  
  20  1:59  SCV  
  21  2:06  Refinery  
  21  2:09  Barracks Reactor  
  21  2:11  SCV  
  22  2:18  Supply Depot  
  22  2:23  SCV  
  23  2:39  SCV  
  23  2:41  Widow Mine  
  26  2:45  Marine  
  26  2:46  Marine  
  26  2:48  Factory  
  28  2:51  SCV  
  29  2:59  Orbital Command  
  29  3:03  Marine x2  
  31  3:06  SCV  
  32  3:14  Cyclone  
  35  3:21  Marine x2  
  35  3:22  SCV  
  35  3:25  SCV  
  39  3:33  Cyclone  
  42  3:37  Supply Depot  
  42  3:40  Marine x2  
  44  3:46  SCV  
  45  3:49  SCV  
  46  3:59  SCV, Cyclone  
  46  4:01  Marine x2, Supply Depot  
  46  4:02  SCV  
  53  4:19  SCV  
  53  4:23  SCV, Cyclone  
  58  4:26  Marine  
  58  4:27  Marine, Supply Depot  
  57  4:33  Cyclone  
  56  4:48  Marine x2  
  55  4:55  Cyclone  
  55  4:58  SCV x2  
  59  5:05  Marine x2, Cyclone  
  64  5:10  SCV x2  
  58  5:22  SCV x2  
  58  5:23  Marine x2  
  58  5:27  Cyclone  
  63  5:34  SCV x2  
  58  5:37  Cyclone  
  58  5:41  Marine x2  
  62  5:46  SCV x2  
  60  5:58  SCV x2, Supply Depot  
  60  5:59  Marine x2, Cyclone  
  67  6:06  Barracks  
  67  6:10  SCV  
  65  6:12  Cyclone  
  65  6:15  SCV  
  65  6:17  Marine  
  70  6:20  Marine, Supply Depot  
  70  6:22  SCV, Supply Depot  
  72  6:27  SCV  
  72  6:31  Cyclone  
  75  6:34  SCV, Marine  
  75  6:37  Marine  
  75  6:39  SCV  
  74  6:47  SCV  
  75  6:51  SCV  
  75  6:52  Marine  
  74  6:55  Marine  
  74  6:58  Cyclone  
  74  6:59  SCV  
  68  7:03  SCV  
  68  7:07  Barracks Tech Lab  
  67  7:10  Marine  
  67  7:11  SCV  
  67  7:13  Marine  
  68  7:15  SCV  
  62  7:23  SCV, Cyclone  
  62  7:26  Barracks, Engineering Bay  
  62  7:27  Marine, SCV  
  62  7:28  Marine  
  69  7:31  Marine  
  69  7:35  SCV  
  69  7:38  Stimpack  
  69  7:39  SCV  
  69  7:42  Supply Depot  
  62  7:45  Marine, Bunker  
  62  7:46  Marine  
  62  7:47  SCV  
  62  7:50  Marine  
  66  7:52  SCV  
  66  7:53  Missile Turret  
  66  7:54  Widow Mine  
  66  7:58  Refinery, Missile Turret  
  69  7:59  SCV  
  69  8:03  Marine, Missile Turret  
  69  8:04  SCV, Marine  
  73  8:08  Marine, Starport  
  73  8:11  SCV, Refinery  
  74  8:13  Factory Reactor  
  74  8:14  Barracks Tech Lab  
  74  8:16  SCV  
  74  8:18  Barracks x2  
  73  8:29  Marine x2  
  73  8:31  Supply Depot  
  73  8:33  Marine, Combat Shields  
  76  8:35  Marine  
  76  8:40  Command Center  
  76  8:41  Terran Infantry Weapons Level 1  
  77  8:46  SCV  
  77  8:47  Marine x2  
  76  8:58  SCV  
  76  9:02  Marauder x2  
  77  9:09  Barracks Tech Lab  
  76  9:10  Barracks Tech Lab  
  76  9:11  Factory Reactor  
  76  9:14  Medivac x2  
  76  9:15  SCV  
  76  9:16  SCV  
  82  9:18  Supply Depot  
  82  9:19  Marine x2  
  82  9:22  Missile Turret, Command Center  
  84  9:26  Marauder  
  84  9:27  Marauder  
  84  9:28  Concussive Shells  
  84  9:31  Marine  
  87  9:37  Barracks Reactor, Marine  
  91  9:46  Marine  
  91  9:47  Marine x2  
  91  9:48  Widow Mine  
  91  9:49  Marine  
  91  9:50  Medivac  
  97  9:54  Marine  
  97  9:55  Medivac  
  97  9:57  Widow Mine  
  102  10:04  Marine  
  102  10:05  Marine x2  
  102  10:07  Marine, SCV x2  
  106  10:16  Widow Mine  
  108  10:24  Medivac  
  108  10:25  Marine, Medivac  
  110  10:30  Marauder  
  110  10:35  Terran Infantry Armor Level 1  
  112  10:45  Marine x2  
  112  10:46  Marauder  
  112  10:49  Liberator  
  110  10:51  Marauder, Marine  
  110  10:53  Liberator  
  110  10:54  Widow Mine  
  114  10:57  Widow Mine  
  114  11:00  Orbital Command  
  120  11:12  Marine x5  
  120  11:17  Marauder  
  127  11:19  Marauder  
  127  11:22  Widow Mine  
  131  11:25  Widow Mine  
  131  11:31  Marine  
  133  11:36  Marine x3  
  133  11:37  Armory  
  133  11:39  Marauder x2, Engineering Bay  
  138  11:41  Marauder  
  138  11:47  Liberator x2  
  139  11:48  Supply Depot x2  
  139  11:49  Marine  
  139  11:54  Marine  
  140  11:59  Marine x2  
  141  12:01  Supply Depot  
  141  12:04  Marauder, Supply Depot  
  141  12:07  Marauder  
  149  12:09  Marine x2  
  149  12:10  Widow Mine  
  149  12:12  Marine  
  149  12:14  Widow Mine  
  155  12:19  Marine x2  
  157  12:26  Marauder  
  157  12:27  Marauder, Marine  
  150  12:31  Marauder  
  129  12:38  Marine  
  130  12:47  Marauder  
  130  12:48  Marine x2  
  130  12:49  Marauder  
  135  12:53  Marauder  
  134  13:12  Marauder, Marine x2  
  133  13:20  Marauder  
  80  13:39  Marauder  
Show
View Real Time Build Order
Export as new Build Order

Neeb Protoss - Winner!

Build Orders: 1 Gate Expand, Oracle Opening, Phoenix Opening 

Get SALT Encoding   

  12  0:00  Probe (Chrono Boost)  
  13  0:11  Probe (Chrono Boost)  
  14  0:18  Pylon  
  14  0:21  Probe (Chrono Boost)  
  15  0:36  Probe (Chrono Boost)  
  15  0:37  Gateway  
  16  0:45  Assimilator  
  16  0:46  Probe (Chrono Boost)  
  17  0:57  Probe (Chrono Boost)  
  18  1:08  Probe (Chrono Boost)  
  19  1:20  Nexus  
  19  1:23  Probe (Chrono Boost)  
  20  1:32  Cybernetics Core  
  20  1:36  Probe (Chrono Boost)  
  21  1:41  Assimilator  
  21  1:46  Probe (Chrono Boost)  
  22  1:50  Pylon  
  22  1:57  Probe (Chrono Boost)  
  23  2:08  Probe, Adept (Chrono Boost)  
  23  2:09  Warp Gate  
  26  2:20  Probe  
  27  2:31  Probe  
  27  2:32  Probe, Stargate  
  27  2:35  Adept (Chrono Boost)  
  31  2:41  Probe  
  32  2:45  Probe  
  33  2:52  Probe (Chrono Boost)  
  33  2:57  Probe (Chrono Boost)  
  35  2:58  Adept (Chrono Boost)  
  35  3:04  Probe (Chrono Boost)  
  38  3:08  Probe (Chrono Boost)  
  38  3:10  Pylon  
  39  3:14  Probe (Chrono Boost)  
  39  3:16  Oracle (Chrono Boost)  
  39  3:17  Probe  
  44  3:26  Probe  
  44  3:27  Mothership Core  
  45  3:32  Gateway  
  45  3:33  Gateway  
  47  3:35  Pylon  
  47  3:38  Probe  
  48  3:46  Probe  
  48  3:47  Phoenix (Chrono Boost)  
  51  3:50  Probe  
  50  3:57  Probe  
  50  4:01  Assimilator  
  50  4:02  Probe  
  52  4:07  Probe  
  52  4:09  Phoenix (Chrono Boost)  
  55  4:14  Probe  
  54  4:18  Probe  
  55  4:26  Pylon  
  55  4:27  Probe  
  56  4:35  Probe  
  56  4:36  Phoenix (Chrono Boost)  
  58  4:40  Stalker x2  
  58  4:43  Pylon  
  58  4:44  Probe, Pylon  
  61  4:50  Pylon  
  61  4:51  Probe  
  53  5:02  Probe, Stalker  
  53  5:03  Stalker x2  
  53  5:04  Probe  
  60  5:13  Probe  
  50  5:18  Probe  
  40  5:26  Probe, Stalker x3  
  46  5:31  Phoenix (Chrono Boost)  
  46  5:38  Probe  
  47  5:42  Probe  
  47  5:49  Stalker  
  50  5:50  Stalker  
  50  5:52  Stalker  
  50  5:54  Probe  
  55  5:57  Probe  
  56  6:04  Probe  
  56  6:06  Oracle (Chrono Boost)  
  56  6:09  Probe  
  61  6:15  Probe  
  62  6:20  Sentry  
  62  6:22  Adept x2  
  68  6:26  Probe  
  68  6:27  Pylon  
  63  6:45  Adept x3  
  63  6:46  Probe  
  69  6:48  Probe  
  65  6:56  Probe  
  65  7:00  Probe  
  65  7:06  Stalker x3  
  65  7:07  Probe  
  62  7:19  Probe  
  62  7:20  Probe  
  60  7:30  Stalker x2  
  60  7:31  Stalker  
  60  7:33  Probe  
  60  7:35  Probe  
  66  7:43  Probe, Phoenix (Chrono Boost)  
  66  7:44  Pylon  
  65  7:47  Assimilator  
  66  7:54  Sentry, Stalker x2  
  72  8:05  Phoenix (Chrono Boost)  
  74  8:08  Nexus  
  74  8:09  Pylon  
  74  8:18  Stalker x3  
  80  8:23  Mothership Core  
  80  8:25  Probe  
  83  8:33  Phoenix (Chrono Boost)  
  85  8:35  Probe  
  86  8:44  Probe  
  87  8:55  Forge  
  87  8:57  Twilight Council  
  87  9:01  Probe  
  88  9:05  Probe  
  88  9:07  Phoenix (Chrono Boost)  
  89  9:11  Probe  
  90  9:17  Probe  
  90  9:18  Protoss Ground Weapons Level 1  
  90  9:22  Probe  
  90  9:23  Probe  
  92  9:30  Probe  
  94  9:33  Resonating Glaives (Chrono Boost)  
  94  9:34  Probe x2  
  96  9:38  Gateway  
  96  9:40  Gateway  
  96  9:42  Probe  
  96  9:43  Gateway  
  96  9:44  Phoenix  
  99  9:46  Gateway  
  99  9:49  Gateway  
  99  9:54  Pylon  
  99  9:56  Pylon  
  99  10:05  Sentry  
  99  10:06  Nexus, Adept x2  
  105  10:14  Assimilator  
  105  10:15  Pylon  
  105  10:16  Pylon  
  105  10:18  Pylon  
  105  10:21  Phoenix  
  107  10:29  Adept x3  
  113  10:36  Pylon  
  113  10:40  Adept x3  
  119  10:46  Pylon  
  119  10:52  Phoenix (Chrono Boost)  
  119  10:53  Adept x5  
  131  11:01  Gateway  
  131  11:03  Adept  
  133  11:07  Adept x2  
  137  11:15  Phoenix (Chrono Boost)  
  137  11:18  Adept x3  
  143  11:19  Protoss Ground Armor Level 1  
  143  11:26  Photon Cannon  
  143  11:31  Probe  
  143  11:32  Probe  
  143  11:37  Probe  
  144  11:46  Adept x5  
  152  11:49  Probe  
  152  11:51  Probe  
  152  11:53  Adept  
  153  12:03  Probe  
  153  12:07  Adept x6  
  166  12:15  Probe  
  167  12:26  Nexus  
  163  12:36  Phoenix (Chrono Boost)  
  157  12:39  Adept x9  
  168  12:52  Probe x2  
  168  12:55  Templar Archives  
  154  13:09  Adept x9  
  122  13:38  Adept x8  
  122  13:40  Phoenix (Chrono Boost)  
  109  13:56  Probe x3  
  109  13:57  Probe  
  99  14:04  Adept x9  
Tags
 
Add a new tag
Caveats
  • Supply blocks, unpowered buildings, or Contaminate may cause inaccurate times.
  • Supply counts are checked every 10 seconds.